 Dungeon Crawl Stone Soup version 0.31-a0-844-gdc52ec4e09 (webtiles) character file.

Game seed: 2705507370886881227

71 Kurtz the Chopper (level 4, 0/31 HPs)
             Began as an Octopode Fighter on Sept 28, 2023.
             Succumbed to an adder's poison
             ... on level 1 of the Dungeon.
             The game lasted 00:01:23 (1125 turns).

Kurtz the Chopper (Octopode Fighter)                Turns: 1125, Time: 00:01:24

Health: 0/31       AC:  1    Str: 15    XL:     4   Next: 24%
Magic:  4/4        EV: 13    Int: 10    God:
Gold:   108        SH:  4    Dex: 13    Spells: 3/3 levels left

rFire   . . .        a - +0 war axe
rCold   . . .        b - +0 buckler
rNeg    . . .        (helmet restricted)
rPois   .            (no amulet)
rElec   .            j - ring of see invisible
rCorr   .            (no ring)
SInv    +            (no ring)
Will    .....        (no ring)
Stlth   ++           (no ring)
HPRegen 0.25/turn    (no ring)
MPRegen 0.09/turn    (no ring)
                     (no ring)

%: no passive effects
@: lethally poisoned (0 -> -3), hasted, very quick
A: almost no armour, amphibious, 8 rings, camouflage 1, gelatinous body 1,
(nimble swimmer 1), tentacles
a: no special abilities


You were on level 1 of the Dungeon.
You visited 1 branch of the dungeon, and saw 2 of its levels.

You collected 108 gold pieces.

Inventory:

Hand Weapons
 a - a +0 war axe (weapon)
Armour
 b - a +0 buckler (worn)
Jewellery
 j - a ring of see invisible (left tentacle)
Wands
 k - a wand of polymorph (6)
Scrolls
 d - a scroll of silence {unknown}
 g - a scroll of vulnerability {unknown}
 h - 2 scrolls of identify {unknown}
 i - a scroll of fear {unknown}
Potions
 c - a potion of might
 f - a potion of enlightenment {unknown}
 l - a potion of degeneration {unknown}


   Skills:
 - Level 3.0 Fighting
 * Level 4.4 Axes
 - Level 3.0 Dodging
 - Level 3.0 Shields


You had 3 spell levels left.
You didn't know any spells.
Your spell library contained the following spells:

 Spells                   Type           Power      Damage    Failure   Level
 Frozen Ramparts          Ice            0%         1d1       83%         3
 Petrify                  Tmut/Erth      0%         N/A       99%         4
 Metabolic Englaciation   Hex/Ice        0%         N/A       100%        5


Dungeon Overview and Level Annotations

Branches:
Dungeon (2/15)

Altars:

Shops:
D:1 *!*

Annotations:
D:2 Robin


Innate Abilities, Weirdness & Mutations

You cannot wear most types of armour.
You are amphibious.
You can wear up to eight rings at the same time.
Your skin changes colour to match your surroundings (Stealth+).
Your rubbery body absorbs attacks. (AC +1, EV +1)
((You are camouflaged when in or above water. (Stealth+)))
You have tentacles for arms and can constrict up to eight enemies at once.


Message History

You release your grip on the hobgoblin.
The hobgoblin attacks as it pursues you!
You block the hobgoblin's attack.
A goblin comes into view. It is wielding a +0 club.
The hobgoblin attacks as it pursues you!
The hobgoblin misses you.
There is a stone staircase leading up here.
You slash the hobgoblin!
You kill the hobgoblin!
You block the hobgoblin's attack.
The hobgoblin attacks as it pursues you!
The hobgoblin barely misses you.
There is a stone staircase leading up here.
You hit the hobgoblin but do no damage. You grab the hobgoblin.
You squeeze the hobgoblin, but do no damage.
You constrict the hobgoblin. You block the hobgoblin's attack.
You barely miss the hobgoblin. You squeeze the hobgoblin.
You kill the hobgoblin!
You closely miss the kobold. The kobold closely misses you.
The adder barely misses you. The kobold barely misses you.
You miss the adder. Your grab misses the adder. You closely miss the kobold.
The adder misses you. The kobold hits you with a +0 club. The adder bites you.
You are poisoned.
The adder poisons you!
You feel sick. The adder barely misses you. The kobold hits you with a +0 club.
You climb upwards.
You feel sick.
There is a stone staircase leading down here.
You hit the adder. Your grab misses the adder.
The adder is heavily wounded.
You closely miss the kobold.
You feel sick. The adder bites you. The kobold hits you with a +0 club.
* * * LOW HITPOINT WARNING * * *
The adder bites you.
* * * LOW HITPOINT WARNING * * *
The kobold hits you with a +0 club.
* * * LOW HITPOINT WARNING * * *
You are too injured to fight recklessly!
You are too injured to fight recklessly!
It was a potion of haste.
You feel yourself speed up.
You die...

#........######
##########........# #
#..#.....#........#
#.................#
##.∩.#............#
#........##########
#..#......##
#..........### ###
#......@.#...# #..
#.....KS.###.#########.#
##...##### #.......#...#
#...# #######.#.###
#..########.........#
##...........###.#####
#..#.......####..#
#..#.......# #.##
##..######..####.##


You could see an adder and a kobold.

Vanquished Creatures
  Jessica (D:2)
  2 worms (D:2)
  A ball python (D:2)
  A bat (D:1)
  4 endoplasms
  2 giant cockroaches (D:1)
  3 goblins
  4 hobgoblins
  8 jackals
  2 frilled lizards
  5 kobolds
  A rat (D:2)
34 creatures vanquished.

Notes
Turn   | Place    | Note
-------+----------+-------------------------------------------
     0 | D:1      | Kurtz the Octopode Fighter began the quest for the Orb.
     0 | D:1      | Reached XP level 1. HP: 16/16 MP: 1/1
     1 | D:1      | Noticed an electric eel
   116 | D:1      | Found Jifaan's General Store.
   194 | D:1      | Reached XP level 2. HP: 21/21 MP: 2/2
   203 | D:1      | Found Joij's Distillery.
   231 | D:1      | Reached skill level 3 in Axes
   244 | D:1      | Found a faded altar of an unknown god.
   360 | D:1      | Found Voapawock's Assorted Antiques.
   709 | D:2      | Reached XP level 3. HP: 13/26 MP: 3/3
   835 | D:2      | Noticed Jessica
   840 | D:2      | Killed Jessica
   841 | D:2      | Reached skill level 4 in Axes
   876 | D:2      | Reached XP level 4. HP: 31/31 MP: 4/4
  1105 | D:2      | Noticed Robin
  1124 | D:1      | HP: 1/31 [kobold/+0 club (5)]
  1125 | D:1      | Succumbed to an adder's poison

Illustrated notes

Levels and vault maps discovered:
D:1:      arrival_aquarium_a, layout_rooms, serial_shops, nicolae_shop_stone,
          shop, shop, ebering_ecumenical_altar_box, dreamdust_princess_corridor
D:2:      layout_basic, hangedman_feature_mirror, uniq_robin, uniq_jessica

Skill      XL: |  1  2  3 |
---------------+----------+-----
Axes           | 3 4 |  4.4
Fighting       | |  3.0
Dodging        | |  3.0
Shields        | |  3.0

Action                     |  1- 3 |  4- 6 || total
---------------------------+-------+-------++-------
  Melee: War axe           |    37 |    22 ||    59
         Constrict         |    11 |     7 ||    18
         Tentacles         |     5 |     8 ||    13
    Use: Potion            |       |     1 ||     1
   Stab: Sleeping          |     5 |       ||     5
 Armour: Skin              |    13 |    14 ||    27
  Dodge: Dodged            |    22 |    21 ||    43
  Block: Buckler           |     5 |     6 ||    11

Table legend: (Time is in decaauts)
 A = Elapsed time spent in this place.
 B = Non-inter-level travel time spent in this place.
 C = Inter-level travel time spent in this place.
 D = Time resting spent in this place.
 E = Time spent auto-exploring this place.
 F = Levels seen in this place.
 G = Mean time per level.
                   A        B        C        D        E       F      G
               +--------+--------+--------+--------+--------+-----+--------+
         Total |   1146 |   1075 |     71 |     62 |    798 |   2 |  573.0 |
       Dungeon |   1146 |   1075 |     71 |     62 |    798 |   2 |  573.0 |
               +--------+--------+--------+--------+--------+-----+--------+

Top non-repeatable levels by time:
     D:1: 622 daAuts
     D:2: 524 daAuts
